 Dungeon Crawl Stone Soup version 0.26.1-10-gdfb7c7de75 (webtiles) character file.

Game seed: 121349650377403959

161 jifgo the Magician (level 5, -1/12 (30) HPs)
             Began as a Deep Elf Fire Elementalist on Apr 8, 2021.
             Killed from afar by an orc wizard (2 damage)
             ... with a magic dart
             ... on level 3 of the Dungeon.
             The game lasted 00:05:10 (3140 turns).

jifgo the Magician (Deep Elf Fire Elementalist)     Turns: 3140, Time: 00:05:11

HP:   -1/12 (30)    AC:  5    Str:  5    XL:     5   Next: 19%
MP:   9/13          EV: 14    Int: 21    God:
Gold: 94            SH:  0    Dex: 21    Spells: 8/12 levels left

rFire    . . .     SeeInvis .   e - +0 short sword (protect)
rCold    . . .     Faith    .   (no shield)
rNeg     . . .     Spirit   .   a - +0 robe
rPois    .         Reflect  .   o - +2 hat
rElec    .         Harm     .   q - +0 cloak
rCorr    .         Rampage  .   (no gloves)
Will     .....                  (no boots)
Stlth    ++++......             p - amulet of the acrobat
HPRegen  0.04/turn              l - +6 ring of dexterity
MPRegen  0.13/turn              v - ring of stealth

@: hasted, extremely drained, very quick
A: no striking features
a: no special abilities


You were on level 3 of the Dungeon.
You visited 1 branch of the dungeon, and saw 3 of its levels.

You collected 94 gold pieces.

Inventory:

Hand Weapons
 c - a +0 short sword
 e - a +0 short sword of protection (weapon)
Missiles
 d - 2 boomerangs
 m - 16 poisoned darts
Armour
 a - a +0 robe (worn)
 o - a +2 hat (worn)
 q - a +0 cloak (worn)
Jewellery
 l - a +6 ring of dexterity (left hand)
 p - an amulet of the acrobat (around neck)
 v - a ring of stealth (right hand)
Scrolls
 b - 3 scrolls of remove curse
 f - 5 scrolls of amnesia
 h - a scroll of noise {unknown}
 i - a scroll of fog {unknown}
 j - a scroll of immolation {unknown}
 n - a scroll of teleportation {unknown}
 s - a scroll of enchant armour {unknown}
 u - a scroll of identify {unknown}
Potions
 g - a potion of curing {unknown}
 k - a potion of might {unknown}
 t - a potion of mutation {unknown}


   Skills:
 + Level 1.6 Fighting
 + Level 3.5 Dodging
 - Level 3.0 Stealth
 + Level 4.1 Spellcasting
 + Level 2.3 Conjurations
 + Level 4.1 Fire Magic


You had 8 spell levels left.
You knew the following spells:

 Your Spells              Type           Power        Failure   Level
a - Conjure Flame         Conj/Fire      17%          10%         3
x - Foxfire               Conj/Fire      68%          3%          1

Your spell library contained the following spells:

 Spells                   Type           Power        Failure   Level
 Inner Flame              Hex/Fire       12%          16%         3
 Sticky Flame             Conj/Fire      17%          30%         4
 Fireball                 Conj/Fire      8%           65%         5


Dungeon Overview and Level Annotations

Branches:
Dungeon (3/15)

Altars:
Wu Jian


Message History

The foxfire hits the orc but does no damage.
The foxfire hits the orc wizard.
The orc wizard is heavily wounded.
The orc wizard completely misses you.
Casting: Foxfire (safe; 3% risk of failure)
Confirm with . or Enter, or press ? or * to list all spells.
You conjure some foxfire!
The orc misses you. The orc wizard misses you.
The foxfire hits the orc.
The orc is moderately wounded.
The foxfire hits the orc.
You kill the orc!
The orc wizard hits you with a +1 dagger of electrocution.
You are electrocuted!
Ouch! That really hurt!
* * * LOW HITPOINT WARNING * * *
It was a potion of haste.
You feel yourself speed up. The orc hits you but does no damage.
The orc wizard points at you and mumbles some strange words.
The magic dart hits you.
You die...

... ##.## ... ...
#.# ######
#########'### .....#
#...........# .###.#
#.####..[oo.# .# #.#
#...@..# .# #.#
#..§...# .# #.#
#......# .###.#
##.#.### ...#.#
#.#####.#.### ...#.#
#.........†.# ...#.#
#######.#.#.#
...#.#.#######.#.#.#
...#.#.........#.#.#


You could see an orc wizard and an orc.

Vanquished Creatures
  Jessica (D:2)
  Terence (D:1)
  5 adders
  2 oozes
  A worm (D:2)
  2 dart slugs
  A leopard gecko (D:2)
  2 orcs (D:3)
  A ball python (D:1)
  6 bats
  4 giant cockroaches
  7 goblins
  3 hobgoblins
  A quokka (D:2)
  2 frilled lizards
  8 kobolds
  5 rats
52 creatures vanquished.

Vanquished Creatures (others)
  180 foxfires
180 creatures vanquished.

Grand Total: 232 creatures vanquished

Notes
Turn   | Place    | Note
-------+----------+-------------------------------------------
     0 | D:1      | jifgo the Deep Elf Fire Elementalist began the quest for
                  | the Orb.
     0 | D:1      | Reached XP level 1. HP: 10/10 MP: 6/6
   451 | D:1      | Reached XP level 2. HP: 12/16 MP: 5/8
   936 | D:1      | Reached XP level 3. HP: 20/20 MP: 6/9
  1496 | D:2      | Reached skill level 1 in Fighting
  1670 | D:2      | Found an ornate altar of the Wu Jian Council.
  1773 | D:2      | Reached XP level 4. HP: 19/25 MP: 7/11
  2044 | D:2      | Noticed Jessica
  2050 | D:2      | Learned a level 3 spell: Conjure Flame
  2053 | D:2      | Killed Jessica
  2109 | D:2      | Noticed Terence
  2184 | D:1      | Killed Terence
  2185 | D:1      | Reached XP level 5. HP: 6/10 MP: 4/13
  3140 | D:3      | Killed from afar by an orc wizard

Illustrated notes

Levels and vault maps discovered:
D:1:      lemuel_arrival_funnel, layout_basic
D:2:      layout_rooms, general_overflow_altar, uniq_jessica, uniq_terence
D:3:      layout_basic, serial_corexii_hall, chequers_hall_statues_corner_a,
          chequers_hall_statues_corner_a, corexii_hall_statues_s,
          chequers_hall_statues_wall_a

Skill      XL: |  1  2  3  4 |
---------------+-------------+-----
Fighting       | 1 |  1.6
Dodging        | 3 |  3.5
Stealth        | 3 |  3.0
Conjurations   | 2 |  2.3
Spellcasting   | 4 |  4.1
Fire Magic     | 4 |  4.1

Action                   |  1- 3 |  4- 6 || total
-------------------------+-------+-------++-------
Melee: Short sword       |     1 |    13 ||    14
 Cast: Foxfire           |    64 |    42 ||   106
       Conjure Flame     |       |     1 ||     1
  Use: Scroll            |       |     2 ||     2
       Potion            |       |     1 ||     1
 Stab: Sleeping          |       |     2 ||     2
Armor: Robe              |     9 |    12 ||    21
Dodge: Dodged            |    36 |    26 ||    62
